 Dungeon Crawl Stone Soup version 0.25-a0-578-gc91f01c39c (webtiles) character file.

Game seed: 13293375719154520120, levelgen mode: deterministic

47210 Flugslaktarn the Severer (level 14, -14/127 HPs)
             Began as a Minotaur Fighter on Mar 3, 2020.
             Was the Champion of Makhleb.
             Killed from afar by a fire dragon (37 damage)
             ... with a blast of flame
             ... on level 15 of the Dungeon.
             The game lasted 00:07:36 (13261 turns).

Flugslaktarn the Severer (Minotaur Fighter)        Turns: 13261, Time: 00:07:37

Health: -14/127    AC: 25    Str: 30    XL:     14   Next: 7%
Magic:  20/20      EV: 11    Int:  5    God:    Makhleb [******]
Gold:   231        SH: 21    Dex: 13    Spells: 13/13 levels left

rFire    . . .     SeeInvis +   K - +1 war axe (flame)
rCold    . . .     Gourm    .   I - +2 tower shield {AC+3}
rNeg     . . .     Faith    .   H - +6 scale mail of Vlad {Dex+2}
rPois    .         Spirit   .   G - +2 hat {MR+}
rElec    .         Reflect  .   E - +0 cloak
rCorr    .         Harm     .   (no gloves)
MR       ++...                  B - +2 pair of boots
Stlth    ..........             J - amulet of rage
HPRegen  0.31/turn              i - ring of see invisible
MPRegen  0.17/turn              m - +5 ring of strength

@: slowed, very slow
A: retaliatory headbutt, horns 2
a: Minor Destruction, Lesser Servant of Makhleb, Major Destruction, Greater
Servant of Makhleb, Renounce Religion, Evoke Berserk Rage


You were on level 15 of the Dungeon.
You worshipped Makhleb.
Makhleb was exalted by your worship.
You were not hungry.

You visited 2 branches of the dungeon, and saw 16 of its levels.

You collected 628 gold pieces.
You spent 397 gold pieces at shops.

Inventory:

Hand Weapons
 K - a +1 war axe of flaming (weapon)
   (You found it on level 12 of the Dungeon)
Missiles
 g - a throwing net (quivered)
Armour
 y - a +1 chain mail of magic resistance
   (You took it off an orc on level 8 of the Dungeon)
 B - a +2 pair of boots (worn)
   (You found it on level 6 of the Dungeon)
 E - a +0 cloak (worn)
   (You took it off Crazy Yiuf on level 7 of the Dungeon)
 G - a +2 hat of magic resistance (worn)
   (You took it off Gastronok on level 10 of the Dungeon)
 H - the +6 scale mail of Vlad (worn) {Dex+2}
   (You found it on level 8 of the Dungeon)

   It affects your dexterity (+2).
   If you remove this armour, your AC will decrease by 15 (25 -> 10).
 I - a +2 tower shield of protection (worn)
   (You bought it in a shop on level 9 of the Dungeon)
Jewellery
 i - a ring of see invisible (left hand)
   (You found it on level 3 of the Dungeon)
 m - a +5 ring of strength (right hand)
   (You found it on level 6 of the Dungeon)
 w - an uncursed ring of positive energy
   (You found it on level 4 of the Dungeon)
 J - an amulet of rage (around neck)
   (You found it on level 11 of the Dungeon)
 L - an uncursed ring of protection from magic {unknown}
   (You found it on level 13 of the Dungeon)
 M - the ring of Biciq {*Tele rN+}
   (You took it off an orc on level 12 of the Dungeon)

   [ring of teleportation]

   It may teleport you next to monsters.
   It protects you from negative energy.
 O - an uncursed amulet of the acrobat {unknown}
   (You found it on level 13 of the Dungeon)
Wands
 n - a wand of enslavement (15)
   (You found it on level 3 of the Dungeon)
 s - a wand of clouds (4)
   (You found it on level 4 of the Dungeon)
 v - a wand of digging (10)
   (You found it on level 3 of the Dungeon)
Scrolls
 c - a scroll of fog
 j - a scroll of amnesia
 l - a scroll of brand weapon {unknown}
 p - a scroll of acquirement {unknown}
 r - 3 scrolls of identify
 t - 5 scrolls of teleportation
 u - a scroll of fear
 x - 8 scrolls of remove curse
 z - a scroll of blinking
 A - 5 scrolls of magic mapping
 C - 3 scrolls of enchant weapon
 N - a scroll of immolation {unknown}
Potions
 b - a potion of degeneration {unknown}
 d - a potion of might
 f - a potion of berserk rage
 h - 2 potions of mutation
 k - a potion of stabbing
 o - 2 potions of heal wounds {unknown}
 q - 3 potions of curing
 D - a potion of lignification {unknown}
 F - a potion of magic {unknown}
Comestibles
 a - 5 chunks of flesh
 e - 33 rations


   Skills:
 + Level 12.4 Fighting
 * Level 16.4 Axes
 + Level 12.5 Armour
 - Level 6.8 Dodging
 + Level 10.4 Shields
 + Level 10.0 Invocations


You had 13 spell levels left.
You didn't know any spells.
Your spell library was empty.

Dungeon Overview and Level Annotations

Branches:
Dungeon (15/15)            Temple (1/1) D:4            Lair (0/6) D:8
    Orc (0/2) D:9          Vaults (0/5) D:13
 Depths: D:15

Altars:
Ashenzari
Cheibriados
Dithmenos
Elyvilon
Fedhas
Hepliaklqana
Kikubaaqudgha
Makhleb
Nemelex Xobeh
Okawaru
Qazlal
Ru
Sif Muna
Vehumet
Wu Jian
Xom
Yredelemnul
Zin
The Shining One

Shops:
D:7 (   D:9 [   D:11 =?[?=   D:13 ?

Portals:
Trove: D:10 (give +5 demon trident)


Innate Abilities, Weirdness & Mutations

You reflexively headbutt those who attack you in melee.
You have a pair of horns on your head.


Message History

The blast of flame hits you!!!
* * * LOW HITPOINT WARNING * * *
You hear a shout!
You slash the fire dragon! Your headbutt misses the fire dragon.
The fire dragon is severely wounded.
You block the fire dragon's attack. x2
The fire dragon tramples you but does no damage.
You slice the fire dragon!! You burn the fire dragon.
You headbutt the fire dragon.
The fire dragon is almost dead.
The fire dragon bites you.
* * * LOW HITPOINT WARNING * * *
You block the fire dragon's attack. The fire dragon misses you.
A wraith comes into view.
Unknown command.
Okay, then.
You feel better. The fire dragon breathes flames at you.
The blast of flame hits you!!!
You die...

#........ .....W.#
......# ### #...W.# ....
.####..?..##....
................
.<.....))......$
.......D).......
+####..)@.##... ###..(..#
#....(..# ####
#.......##... ##...####
#.......#.....#.......<
#.......##....#........
#.(.....##....#........
###.......##...##........
..........##...##......##


You could see a fire dragon and 2 wraiths.

Vanquished Creatures
  Gastronok (D:10)
  A yaktaur captain (D:15)
  A fire dragon (D:9)
  5 vault guards
  3 hydras
  Erolcha (D:10)
  A catoblepas (D:15)
  3 two-headed ogres
  2 centaur warriors (D:14)
  Urug (D:13)
  Nergalle (D:11)
  4 unseen horrors
  2 deep elf magi
  8 ugly things
  3 manticores
  4 cyclopes
  Joseph (D:10)
  3 gargoyles
  2 centaur zombies
  An efreet (D:15)
  2 kobold demonologists (D:13)
  A komodo dragon (D:14)
  3 trolls
  A hornet (D:15)
  6 hippogriffs
  3 slime creatures (D:12)
  A meliai zombie (D:13)
  A vampire (D:12)
  A shadow (D:15)
  A wraith (D:15)
  2 wyverns
  A human (D:11)
  Grum (D:10)
  3 hogs (D:11)
  34 yaks
  A basilisk (D:15)
  9 vampire mosquitoes
  A hungry ghost (D:15)
  An acid dragon (D:15)
  A soldier ant (D:12)
  A water moccasin (D:8)
  5 porcupines (D:8)
  7 ice beasts
  3 sky beasts
  A necrophage (D:13)
  2 eyes of draining
  13 orc warriors
  5 ogres
  2 phantoms
  2 black bears
  An ice beast (shapeshifter) (D:13)
  17 centaurs
  2 wolves (D:10)
  A crocodile (D:8)
  2 big kobolds
  18 bullfrogs
  2 wyvern zombies (D:12)
  8 scorpions
  20 killer bees
  A wight (D:12)
  7 crimson imps
  3 quasits
  3 bullfrog zombies
  2 hounds
  6 orc priests
  2 jellies
  Crazy Yiuf (D:7)
  7 centaur skeletons
  An iguana (D:4)
  13 worker ants
  17 orc wizards
  2 hound zombies
  4 hound skeletons
  A worker ant zombie (D:9)
  A howler monkey skeleton (D:4)
  3 gnolls (D:3)
  8 adders
  5 shadow imps
  An adder skeleton (D:6)
  3 worms
  A dart slug (D:2)
  7 leopard geckos
  38 orcs
  3 ball pythons
  3 giant cockroaches (D:4)
  3 goblins
  2 hobgoblins (D:3)
  4 jackals (D:6)
  13 kobolds
  2 quokkas
  2 bats (D:3)
  2 frilled lizards
  A quokka skeleton (D:8)
  4 rats
  A spectral orc (D:8)
  A fungus (D:8)
412 creatures vanquished.

Vanquished Creatures (others)
  3 fungi (D:8)
3 creatures vanquished.

Grand Total: 415 creatures vanquished

Notes
Turn   | Place    | Note
-------+----------+-------------------------------------------
     0 | D:1      | Flugslaktarn the Minotaur Fighter began the quest for the
                  | Orb.
     0 | D:1      | Reached XP level 1. HP: 19/19 MP: 0/0
   232 | D:2      | Found a sacrificial altar of Ru.
   267 | D:2      | Reached XP level 2. HP: 23/27 MP: 1/1
   386 | D:3      | Reached skill level 3 in Axes
   389 | D:3      | Reached XP level 3. HP: 26/33 MP: 2/2
   898 | D:3      | Found an ornate altar of the Wu Jian Council.
   967 | D:3      | Reached XP level 4. HP: 40/40 MP: 3/3
  1035 | D:4      | Reached skill level 4 in Axes
  1136 | D:4      | Found a staircase to the Ecumenical Temple.
  1164 | Temple   | Entered the Ecumenical Temple
  1344 | Temple   | Became a worshipper of Makhleb the Destroyer
  1373 | D:4      | Found a radiant altar of Vehumet.
  1767 | D:4      | Reached XP level 5. HP: 47/47 MP: 4/4
  1780 | D:4      | Found an ancient bone altar of Kikubaaqudgha.
  2044 | D:5      | Entered Level 5 of the Dungeon
  2249 | D:5      | Noticed a centaur
  2271 | D:5      | Killed a centaur
  2271 | D:5      | Reached skill level 5 in Axes
  2271 | D:5      | Reached skill level 1 in Invocations
  2271 | D:5      | Reached XP level 6. HP: 20/53 MP: 5/5
  2906 | D:6      | Reached skill level 5 in Fighting
  2906 | D:6      | Reached skill level 5 in Armour
  2906 | D:6      | Reached skill level 5 in Shields
  2938 | D:6      | Found a stormy altar of Qazlal.
  2971 | D:6      | Reached XP level 7. HP: 61/61 MP: 7/7
  3163 | D:6      | Reached skill level 6 in Axes
  3815 | D:7      | Reached skill level 7 in Axes
  3825 | D:7      | Reached * piety under Makhleb
  3825 | D:7      | Reached XP level 8. HP: 70/70 MP: 9/9
  4178 | D:7      | Reached skill level 8 in Axes
  4345 | D:7      | Found a shimmering blue altar of Sif Muna.
  4594 | D:7      | Found a runed translucent door.
  4595 | D:7      | Noticed Crazy Yiuf
  4604 | D:7      | Killed Crazy Yiuf
  4604 | D:7      | Reached XP level 9. HP: 63/78 MP: 8/11
  4714 | D:7      | Found Fiuman's Antique Weapon Shop.
  5172 | D:8      | Reached skill level 9 in Axes
  5269 | D:8      | Reached ** piety under Makhleb
  5297 | D:8      | Reached skill level 5 in Invocations
  5341 | D:8      | Reached skill level 10 in Axes
  5343 | D:8      | Found a staircase to the Lair.
  5824 | D:8      | Noticed a gargoyle
  5838 | D:8      | Killed a gargoyle
  5838 | D:8      | Reached XP level 10. HP: 31/88 MP: 12/12
  6224 | D:8      | Found a basalt altar of Yredelemnul.
  6414 | D:8      | Got a faintly glowing scale mail
  6425 | D:8      | Identified the +6 scale mail of Vlad {Dex+2} (You found it
                  | on level 8 of the Dungeon)
  6765 | D:9      | Reached skill level 1 in Dodging
  6855 | D:9      | Reached *** piety under Makhleb
  6858 | D:9      | Reached skill level 11 in Axes
  6904 | D:9      | Found Inkuw's Antique Armour Shoppe.
  6909 | D:9      | Bought a runed tower shield for 210 gold pieces
  6946 | D:9      | Noticed a fire dragon
  6958 | D:9      | Killed a fire dragon
  7421 | D:9      | Found a staircase to the Orcish Mines.
  7797 | D:10     | Entered Level 10 of the Dungeon
  7805 | D:10     | Noticed Gastronok
  7821 | D:10     | Killed Gastronok
  7821 | D:10     | Reached skill level 12 in Axes
  7821 | D:10     | Reached XP level 11. HP: 97/97 MP: 14/14
  7927 | D:10     | Noticed Grum
  7941 | D:10     | Killed Grum
  8021 | D:10     | Reached **** piety under Makhleb
  8284 | D:10     | Noticed a vault guard
  8297 | D:10     | Killed a vault guard
  8301 | D:10     | Found a portal to a secret trove of treasure.
  8456 | D:10     | Found a shimmering blue altar of Sif Muna.
  8473 | D:10     | Noticed a two-headed ogre
  8483 | D:10     | Killed a two-headed ogre
  8510 | D:10     | Noticed Erolcha
  8517 | D:10     | Killed Erolcha
  8517 | D:10     | Reached skill level 10 in Armour
  8517 | D:10     | Reached skill level 5 in Dodging
  8587 | D:10     | Noticed Joseph
  8600 | D:10     | Killed Joseph
  8600 | D:10     | Reached skill level 13 in Axes
  8788 | D:11     | Noticed Nergalle
  8790 | D:11     | Noticed a brown ugly thing
  8799 | D:11     | Killed a brown ugly thing
  8801 | D:11     | Reached skill level 10 in Fighting
  8802 | D:11     | Noticed a spectral orc warlord
  8805 | D:11     | Killed Nergalle
  8838 | D:11     | Found Eguceuh's Antique Armour Emporium.
  8955 | D:11     | Found Pyovuo Ludo's Magic Scroll Shoppe.
  9216 | D:11     | Bought a scroll of enchant armour for 105 gold pieces
  9242 | D:11     | Noticed a two-headed ogre
  9250 | D:11     | Killed a two-headed ogre
  9250 | D:11     | Reached XP level 12. HP: 92/106 MP: 16/16
  9323 | D:11     | Found Uggam's Magic Scroll Shoppe.
  9349 | D:11     | Reached ***** piety under Makhleb
  9505 | D:11     | Found Tysee's Jewellery Emporium.
  9646 | D:11     | Reached skill level 14 in Axes
  9835 | D:11     | Found Yrilom's Jewellery Shop.
 10699 | D:12     | Noticed a two-headed ogre
 10704 | D:12     | Killed a two-headed ogre
 11157 | D:12     | Identified the ring of Biciq {*Tele rN+}
 11308 | D:13     | Noticed Urug
 11329 | D:13     | Killed Urug
 11329 | D:13     | Reached skill level 15 in Axes
 11329 | D:13     | Reached XP level 13. HP: 69/116 MP: 18/18
 11525 | D:13     | Found a gate to the Vaults.
 11713 | D:13     | Reached ****** piety under Makhleb
 11867 | D:13     | Found an ornate altar of the Wu Jian Council.
 12073 | D:13     | Found Epro's Magic Scroll Emporium.
 12076 | D:13     | Bought a scroll of enchant armour for 82 gold pieces
 12369 | D:14     | Reached skill level 16 in Axes
 12593 | D:14     | Reached skill level 10 in Shields
 12939 | D:14     | You fall into a shaft and drop 1 floor!
 12939 | D:15     | Entered Level 15 of the Dungeon
 13132 | D:15     | Reached XP level 14. HP: 64/127 MP: 20/20
 13135 | D:15     | Reached skill level 10 in Invocations
 13261 | D:15     | Killed from afar by a fire dragon

Levels and vault maps discovered:
D:1:      grunt_arrival_crossed_arrows, layout_basic
D:2:      layout_basic, tgw_trog, old_standard_altar,
          chequers_temple_overflow_statue_of_worship
D:3:      layout_basic, lemuel_crystal_altar
D:4:      layout_basic, vehumet_altar_wand_db, lemuel_round_altar,
          minmay_temple_entry_overgrown
D:5:      layout_basic, first_ration
D:6:      layout_gridville, nicolae_overflow_crystal_walls, minmay_starry_boxes
D:7:      layout_loops_ring, old_standard_altar, serial_shops, shop,
          uniq_crazy_yiuf_cottage
D:8:      layout_loops_corners, yredelemnul_forgotten_temple_becter,
          due_lair_maze_entry_diamond
D:9:      layout_basic, david_orc_4, serial_shops, kennysheep_little_box,
          minmay_crystal_water
D:10:     layout_irregular_city, basic_altar, enter_trove_5, uniq_erolcha,
          uniq_joseph, uniq_gastronok, uniq_grum
D:11:     layout_loops_ring, serial_shops, shop, shop, nicolae_shop_trees, shop,
          nicolae_shop_stone, grunt_livestock, uniq_nergalle
D:12:     layout_loops_corners, gauntlet_entry_generic, chequers_arboretum,
          minmay_misc_feat_tiny, minmay_misc_feat_diagonals,
          minmay_pinched_square
D:13:     layout_irregular_city, lightli_vaults_fourway_checkpoint, basic_altar,
          serial_shops, kennysheep_mini, kennysheep_nub, uniq_urug
D:14:     layout_roguey, serial_shops, shop, hangedman_decor_slide_cut,
          kennysheep_generic_room_2
D:15:     gammafunk_depths_entry_grave, layout_gridville,
          ebering_dispersal_statue_hall, serial_shops, nicolae_shop_waterfront,
          nicolae_wwwww, minmay_misc_feat_more_columns, minmay_door_square,
          minmay_bent, uniq_josephine
Temple:   minmay_temple_bridge_abc

Skill      XL: |  1  2  3  4  5  6  7  8  9 10 11 12 13 14 |
---------------+-------------------------------------------+-----
Axes           | 3 4 5 7 8 10 12 13 15 16 | 16.4
Armour         | 4 5 6 8 9 10 11 12 | 12.5
Fighting       | 4 5 6 8 9 10 11 12 | 12.4
Shields        | 4 5 6 8 10 | 10.4
Invocations    | 1 2 4 5 6 7 8 9 10 | 10.0
Dodging        | 3 5 6 |  6.8

Action                   |  1- 3 |  4- 6 |  7- 9 | 10-12 | 13-15 || total
-------------------------+-------+-------+-------+-------+-------++-------
Melee: War axe           |    55 |   106 |   274 |   637 |   322 ||  1394
       Headbutt          |     9 |    18 |    52 |   177 |    95 ||   351
  Use: Scroll            |       |     7 |       |    10 |     2 ||    19
       Potion            |       |       |     2 |     1 |     1 ||     4
 Stab: Petrifying        |       |       |       |       |     1 ||     1
       Petrified         |       |       |       |       |     3 ||     3
  Eat: Chunk             |       |     3 |     6 |    19 |     7 ||    35
       Ration            |       |     1 |     1 |       |       ||     2
Armor: Scale mail        |    27 |     3 |       |   177 |   136 ||   343
       Plate armour      |       |    66 |   165 |       |       ||   231
       Chain mail        |       |       |     2 |    12 |       ||    14
Dodge: Dodged            |    21 |    16 |    77 |   113 |    70 ||   297
Block: Kite shield       |    28 |    60 |   192 |    52 |       ||   332
       Tower shield      |       |       |       |   461 |   277 ||   738

Table legend:
 A = Non-vault XP
 B = Vault XP
 C = Vault XP percentage of total XP
 D = Non-vault monster count
 E = Vault monster count
 F = Vault count percentage of total count
                 A         B        C        D         E       F
            +---------+---------+-------+---------+---------+-------
      Total |   45699 |   21744 |  32.2 |     331 |      80 |  19.5
            +---------+---------+-------+---------+---------+-------
        D:1 |       1 |       0 |   0.0 |       1 |       0 |   0.0
        D:2 |      13 |       0 |   0.0 |       5 |       0 |   0.0
        D:3 |     101 |       0 |   0.0 |      16 |       0 |   0.0
        D:4 |     128 |       2 |   1.5 |      14 |       1 |   6.7
        D:5 |     228 |       0 |   0.0 |       8 |       0 |   0.0
        D:6 |     503 |     164 |  24.6 |      15 |       3 |  16.7
        D:7 |    1899 |      41 |   2.1 |      28 |       1 |   3.4
        D:8 |    2197 |    1294 |  37.1 |      32 |      12 |  27.3
        D:9 |    2817 |     653 |  18.8 |      32 |      12 |  27.3
       D:10 |    3244 |    4946 |  60.4 |      29 |       7 |  19.4
       D:11 |    8422 |    1772 |  17.4 |      43 |       6 |  12.2
       D:12 |    6957 |    2408 |  25.7 |      30 |      14 |  31.8
       D:13 |    8056 |    6820 |  45.8 |      40 |      13 |  24.5
       D:14 |    7643 |     648 |   7.8 |      27 |       2 |   6.9
       D:15 |    3490 |    2996 |  46.2 |      11 |       9 |  45.0
            +---------+---------+-------+---------+---------+-------
